 Dungeon Crawl Stone Soup version 0.24.0-1-gfbc8707 (webtiles) character file.

Game seed: 13597471336062042465, levelgen mode: deterministic

8220 Faca the Magician (level 11, 0/81 HPs)
             Began as a Gnoll Fire Elementalist on Oct 29, 2019.
             Was a Priest of Vehumet.
             Slain by a centaur (3 damage)
             ... on level 11 of the Dungeon.
             The game lasted 00:48:15 (12244 turns).

Faca the Magician (Gnoll Fire Elementalist)        Turns: 12244, Time: 00:48:15

Health: 0/81       AC: 10    Str: 11    XL:     11   Next: 27%
Magic:  31/31      EV: 15    Int: 20    God:    Vehumet [***...]
Gold:   627        SH:  7    Dex: 16    Spells: 21/25 levels left

rFire    . . .     SeeInvis .   z - +2 dagger (elec)
rCold    . . .     Gourm    +   l - +1 buckler
rNeg     . . .     Faith    .   F - +2 ring mail {rPois}
rPois    +         Spirit   .   (no helmet)
rElec    .         Reflect  .   H - +0 cloak
rCorr    .         Harm     .   y - +0 pair of gloves
MR       +....                  (no boots)
Stlth    +++.......             G - amulet of the gourmand
HPRegen  0.23/turn              j - ring of magical power
MPRegen  0.22/turn              o - ring of protection from magic

@: about to teleport
A: distributed training, fangs 1, strong nose
a: Renounce Religion


You were on level 11 of the Dungeon.
You worshipped Vehumet.
Vehumet was most pleased with you.
You were very full.

You visited 2 branches of the dungeon, and saw 12 of its levels.

You collected 627 gold pieces.

Inventory:

Hand Weapons
 z - a +2 dagger of electrocution (weapon)
 A - a +4 rapier
 J - the +0 dagger "Ateezxu" {pierce, rElec rC+++ Int-5 Stlth-}
   (You found it on level 8 of the Dungeon)

   It inflicts extra damage upon your enemies.
   It affects your intelligence (-5).
   It renders you almost immune to cold.
   It insulates you from electricity.
   It makes you less stealthy.
Missiles
 m - 2 curare-tipped darts (quivered)
 D - 5 atropa-tipped darts
Armour
 l - a +1 buckler (worn)
 q - the +1 chain mail of the Monk {rF+ Str+3}
   (You found it on level 7 of the Dungeon)

   It affects your strength (+3).
   It protects you from fire.
 y - a +0 pair of gloves (worn)
 F - a +2 ring mail of poison resistance (worn)
 H - a +0 cloak (worn)
Jewellery
 j - a ring of magical power (left hand)
 k - an uncursed ring of see invisible
 o - a ring of protection from magic (right hand)
 G - an amulet of the gourmand (around neck)
Wands
 h - a wand of clouds (4)
 K - a wand of digging (6)
Scrolls
 b - 3 scrolls of enchant armour
 f - 3 scrolls of fog
 i - a scroll of teleportation
 p - 2 scrolls of amnesia
 v - 2 scrolls of magic mapping
 x - a scroll of identify
Potions
 a - 3 potions of flight
 d - 2 potions of lignification
 g - 3 potions of agility
 n - a potion of ambrosia
 r - a potion of resistance
 t - 2 potions of haste
 u - a potion of magic
 w - a potion of brilliance
 C - a potion of invisibility
Comestibles
 c - 26 rations
 s - a chunk of flesh


   Skills:
 + Level 6.0 Fighting
 + Level 6.0 Short Blades
 + Level 6.0 Long Blades
 + Level 6.0 Axes
 + Level 6.0 Maces & Flails
 + Level 6.0 Polearms
 + Level 6.0 Staves
 + Level 6.0 Slings
 + Level 6.0 Bows
 + Level 6.0 Crossbows
 + Level 6.0 Throwing
 + Level 6.0 Armour
 + Level 7.6 Dodging
 + Level 7.4 Stealth
 + Level 6.0 Shields
 + Level 6.0 Unarmed Combat
 + Level 7.9 Spellcasting
 + Level 5.5 Conjurations
 + Level 5.0 Hexes
 + Level 5.0 Charms
 + Level 5.0 Summonings
 + Level 5.0 Necromancy
 + Level 5.0 Translocations
 + Level 5.0 Transmutations
 + Level 7.5 Fire Magic
 + Level 5.0 Ice Magic
 + Level 5.0 Air Magic
 + Level 5.0 Earth Magic
 + Level 5.0 Poison Magic
 + Level 6.6 Invocations
 + Level 6.0 Evocations


You had 21 spell levels left.
You knew the following spells:

 Your Spells              Type           Power        Failure   Level  Hunger
a - Flame Tongue          Conj/Fire      ####.        1%          1    None
b - Throw Flame           Conj/Fire      ####..       1%          2    None
c - Shock                 Conj/Air       ####         1%          1    None

Your spell library contained the following spells:

 Spells                   Type           Power        Failure   Level  Hunger
 Mephitic Cloud           Conj/Pois/Air  ####....     1%          3    None
 Conjure Flame            Conj/Fire      ####....     1%          3    None
 Inner Flame              Hex/Fire       ####....     1%          3    None
 Sticky Flame             Conj/Fire      ####....     3%          4    ###....
 Fireball                 Conj/Fire      ####......   10%         5    #####..
 Bolt of Magma            Conj/Fire/Erth ####......   11%         5    #####..
 Iskenderun's Battlesphe  Conj/Chrm      ####....     16%         5    #####..
 Venom Bolt               Conj/Pois      ####......   16%         5    #####..
 Iron Shot                Conj/Erth      ####......   58%         6    ######.
 Orb of Destruction       Conj           ####......   97%         7    #######
 Spellforged Servitor     Conj/Summ      ####......   98%         7    #######


Dungeon Overview and Level Annotations

Branches:
Dungeon (11/15)            Temple (1/1) D:7             Orc (0/2) D:9
   Lair: D:8-11

Altars:
Dithmenos
Elyvilon
Gozag
Hepliaklqana
Nemelex Xobeh
Okawaru
Qazlal
Trog
Vehumet
Xom
Yredelemnul
Zin

Annotations:
D:6 3 runed translucent doors, Crazy Yiuf; mordus's ghost, novice DsFi
D:7 4 runed translucent doors
D:8 Maurice
D:9 2 runed translucent doors


Innate Abilities, Weirdness & Mutations

Your experience applies equally to all skills.
You have very sharp teeth.
Your uncanny sense of smell can sniff out nearby items.


Message History

The centaur wields a +0 shortbow.
The centaur shoots an arrow.
The arrow hits you but does no damage.
The centaur shoots an arrow.
The arrow hits you!
* * * LOW HITPOINT WARNING * * *
You see here 2 arrows.
Okay, then.
Okay, then.
Unknown command.
Okay, then.
As you read the scroll labeled FEPYUSANUYPP, it crumbles to dust.
This is a scroll of acquirement! [a] Weapon [b] Armour [c] Jewellery [d] Book [e] Staff [f] Evocable [g] Food [h] Gold (you have $627)
What kind of item would you like to acquire? [\] known items Something appears at your feet!
The yak closely misses you.
Okay, then.
As you read the scroll of teleportation, it crumbles to dust.
You feel strangely unstable.
The centaur unwields a +0 shortbow.
The centaur hits you.
You die...

......#....#...#...#
......#............#
......'............#
......#..........>.#
......#........#####
##'#########...#...#
..... #...........#
...... #...........#
...... #.......c@..#
########'########Y##
#...#...#.).......#
#...'...#........(#
#...#...#.........#
###'#############'##
.........#....#....#
.........#....#....#
.........#....#...[#


You could see a yak and a centaur.

Vanquished Creatures
  A two-headed ogre (D:11)
  Pikel (D:6)
  Joseph (D:8)
  A centaur skeleton (D:11)
  A hornet (D:10)
  A hippogriff (D:7)
  8 yaks
  2 vampires (D:10)
  Sigmund (D:3)
  A hungry ghost (D:7)
  A steam dragon (D:6)
  Menkaure (D:6)
  A water moccasin (D:9)
  An orc warrior (D:10)
  3 black bears
  3 sky beasts
  Duvessa (D:6)
  2 ice beasts
  2 phantoms
  An eye of draining (D:9)
  5 ogres
  2 centaurs
  A crocodile (D:8)
  A big kobold (D:9)
  4 bullfrogs
  Dowan (D:6)
  5 scorpions
  3 killer bees
  3 wights (D:9)
  A crimson imp (D:10)
  A bullfrog zombie (D:7)
  2 howler monkeys (D:9)
  A centaur zombie (D:11)
  3 hounds
  4 orc priests
  4 jellies
  4 orc wizards
  3 bullfrog skeletons
  5 iguanas
  9 worker ants
  2 gnolls (D:7)
  A worker ant zombie (D:7)
  17 adders
  2 shadow imps
  2 adder zombies
  3 adder skeletons
  2 worms
  A dart slug (D:4)
  5 leopard geckos
  22 orcs
  2 ball pythons
  4 bats
  5 giant cockroaches
  7 goblins
  7 hobgoblins
  13 jackals
  2 quokkas
  A ball python skeleton (D:4)
  6 frilled lizards
  8 kobolds
  A quokka skeleton (D:9)
  2 rats
211 creatures vanquished.

Vanquished Creatures (others)
  A crimson imp (D:6)
1 creature vanquished.

Grand Total: 212 creatures vanquished

Notes
Turn   | Place    | Note
-------+----------+-------------------------------------------
     0 | D:1      | Faca the Gnoll Fire Elementalist began the quest for the
                  | Orb.
     0 | D:1      | Reached XP level 1. HP: 13/13 MP: 6/6
   193 | D:1      | Reached XP level 2. HP: 18/19 MP: 5/7
   208 | D:1      | You fall into a shaft and drop 1 floor!
  1064 | D:1      | Reached XP level 3. HP: 25/25 MP: 9/9
  1296 | D:2      | Reached skill level 5 in Spellcasting
  1427 | D:2      | Reached skill level 1 in Invocations
  1659 | D:2      | Found a bloodstained altar of Trog.
  2008 | D:3      | Reached skill level 1 in Fighting
  2008 | D:3      | Reached skill level 1 in Short Blades
  2008 | D:3      | Reached skill level 1 in Long Blades
  2008 | D:3      | Reached skill level 1 in Axes
  2008 | D:3      | Reached skill level 1 in Maces & Flails
  2008 | D:3      | Reached skill level 1 in Polearms
  2008 | D:3      | Reached skill level 1 in Staves
  2008 | D:3      | Reached skill level 1 in Slings
  2008 | D:3      | Reached skill level 1 in Bows
  2008 | D:3      | Reached skill level 1 in Crossbows
  2008 | D:3      | Reached skill level 1 in Throwing
  2008 | D:3      | Reached skill level 1 in Armour
  2008 | D:3      | Reached skill level 1 in Shields
  2008 | D:3      | Reached skill level 1 in Unarmed Combat
  2008 | D:3      | Reached skill level 1 in Evocations
  2373 | D:3      | Reached XP level 4. HP: 31/32 MP: 11/11
  2716 | D:3      | Noticed Sigmund
  2739 | D:3      | Learned a level 2 spell: Throw Flame
  2750 | D:3      | Killed Sigmund
  2750 | D:3      | Reached skill level 1 in Hexes
  2750 | D:3      | Reached skill level 1 in Charms
  2750 | D:3      | Reached skill level 1 in Summonings
  2750 | D:3      | Reached skill level 1 in Necromancy
  2750 | D:3      | Reached skill level 1 in Translocations
  2750 | D:3      | Reached skill level 1 in Transmutations
  2750 | D:3      | Reached skill level 1 in Ice Magic
  2750 | D:3      | Reached skill level 1 in Air Magic
  2750 | D:3      | Reached skill level 1 in Earth Magic
  2750 | D:3      | Reached skill level 1 in Poison Magic
  2750 | D:3      | Reached XP level 5. HP: 19/38 MP: 4/12
  2928 | D:3      | Reached XP level 6. HP: 44/44 MP: 13/13
  3395 | D:4      | Reached skill level 5 in Dodging
  3766 | D:4      | Reached XP level 7. HP: 50/50 MP: 15/15
  4005 | D:5      | Entered Level 5 of the Dungeon
  4102 | D:5      | Got a heavy robe
  4113 | D:5      | Identified the +1 robe "Daehodgh" {Regen+ Str-3 Dex+4} (You
                  | found it on level 5 of the Dungeon)
  4295 | D:5      | Reached skill level 5 in Stealth
  4725 | D:6      | Noticed a steam dragon
  4784 | D:6      | Killed a steam dragon
  4784 | D:6      | Reached XP level 8. HP: 22/57 MP: 14/16
  4898 | D:6      | Noticed Pikel
  4908 | D:6      | Killed Pikel
  4939 | D:6      | Noticed Menkaure
  4945 | D:6      | Killed Menkaure
  5048 | D:6      | Found a runed translucent door.
  5102 | D:6      | Noticed mordus's ghost (novice DsFi)
  5201 | D:6      | Reached XP level 9. HP: 48/65 MP: 18/18
  5272 | D:6      | Noticed Duvessa
  5276 | D:6      | Killed Duvessa
  5318 | D:6      | Noticed Dowan
  5339 | D:6      | Killed Dowan
  5509 | D:6      | Found a runed translucent door.
  5510 | D:6      | Noticed Crazy Yiuf
  5600 | D:6      | Found a runed translucent door.
  5662 | D:7      | Found a staircase to the Ecumenical Temple.
  5671 | Temple   | Entered the Ecumenical Temple
  5690 | Temple   | Became a worshipper of Vehumet
  5733 | D:7      | Found a shimmering altar of Xom.
  5866 | D:7      | Found a large runed translucent door.
  5866 | D:7      | Found a large runed translucent door.
  6724 | D:7      | Found a large runed translucent door.
  6727 | D:7      | Found a large runed translucent door.
  6806 | D:7      | Got a translucent chain mail
  6908 | D:7      | Identified the cursed +1 chain mail of the Monk {rF+ Str+3}
                  | (You found it on level 7 of the Dungeon)
  7175 | D:8      | Noticed Joseph
  7197 | D:8      | Killed Joseph
  7197 | D:8      | Reached * piety under Vehumet
  7197 | D:8      | Offered knowledge of Shock by Vehumet.
  7197 | D:8      | Reached skill level 5 in Invocations
  7202 | D:8      | Got an ancient dagger
  7213 | D:8      | Identified the +0 dagger "Ateezxu" {pierce, rElec rC+++
                  | Int-5 Stlth-} (You found it on level 8 of the Dungeon)
  7402 | D:8      | Learned a level 1 spell: Shock
  7410 | D:8      | Reached XP level 10. HP: 73/73 MP: 20/20
  8031 | D:8      | Noticed Maurice
  8445 | D:9      | Reached skill level 5 in Fighting
  8445 | D:9      | Reached skill level 5 in Short Blades
  8445 | D:9      | Reached skill level 5 in Long Blades
  8445 | D:9      | Reached skill level 5 in Axes
  8445 | D:9      | Reached skill level 5 in Maces & Flails
  8445 | D:9      | Reached skill level 5 in Polearms
  8445 | D:9      | Reached skill level 5 in Staves
  8445 | D:9      | Reached skill level 5 in Slings
  8445 | D:9      | Reached skill level 5 in Bows
  8445 | D:9      | Reached skill level 5 in Crossbows
  8445 | D:9      | Reached skill level 5 in Throwing
  8445 | D:9      | Reached skill level 5 in Armour
  8445 | D:9      | Reached skill level 5 in Shields
  8445 | D:9      | Reached skill level 5 in Unarmed Combat
  8445 | D:9      | Reached skill level 5 in Evocations
  8616 | D:9      | Identified the +3 quarterstaff of Dithmenos {elec, rElec
                  | Int+4}
  8622 | D:9      | Reached ** piety under Vehumet
  8646 | D:9      | Noticed a naga warrior
  8669 | D:9      | Got a smoking ring mail
  8680 | D:9      | Identified the +3 ring mail of Temperance {rElec rC- Dex+4}
                  | (You found it on level 9 of the Dungeon)
  8744 | D:9      | Offered knowledge of Throw Frost by Vehumet.
  8760 | D:9      | Found a staircase to the Orcish Mines.
  8846 | D:9      | Found a large runed translucent door.
  8847 | D:9      | Found a large runed translucent door.
  8852 | D:9      | Noticed a naga warrior
  9192 | D:10     | Entered Level 10 of the Dungeon
  9245 | D:10     | Reached skill level 5 in Conjurations
  9544 | D:10     | Paralysed by a hornet for 3 turns
  9742 | D:10     | Found an opulent altar of Gozag.
 10564 | D:10     | Paralysed by a hornet for 3 turns
 11173 | D:11     | Offered knowledge of Mephitic Cloud by Vehumet.
 11211 | D:11     | Reached XP level 11. HP: 72/81 MP: 22/22
 11470 | D:11     | Noticed a two-headed ogre
 11488 | D:11     | Killed a two-headed ogre
 12203 | D:11     | Reached *** piety under Vehumet
 12203 | D:11     | Reached skill level 5 in Hexes
 12203 | D:11     | Reached skill level 5 in Charms
 12203 | D:11     | Reached skill level 5 in Summonings
 12203 | D:11     | Reached skill level 5 in Necromancy
 12203 | D:11     | Reached skill level 5 in Translocations
 12203 | D:11     | Reached skill level 5 in Transmutations
 12203 | D:11     | Reached skill level 5 in Ice Magic
 12203 | D:11     | Reached skill level 5 in Air Magic
 12203 | D:11     | Reached skill level 5 in Earth Magic
 12203 | D:11     | Reached skill level 5 in Poison Magic
 12242 | D:11     | HP: 3/81 [centaur/arrow (9)]
 12243 | D:11     | Identified a scroll of acquirement
 12244 | D:11     | Slain by a centaur

Levels and vault maps discovered:
D:1:      dpeg_arrival_pits, layout_basic
D:2:      layout_loops_ring, bloody_trog
D:3:      layout_loops_cross, first_ration, uniq_sigmund
D:4:      layout_loops_cross
D:5:      layout_cave_pools
D:6:      layout_loops_ring, ebering_ghost_sewer_f, uniq_menkaure,
          uniq_crazy_yiuf_cottage, uniq_duvessa, uniq_pikel
D:7:      layout_basic, tgw_xom, minmay_temple_entry_large_hall,
          minmay_hollow_rounded_squares
D:8:      layout_basic, minmay_lizard_king, uniq_maurice, uniq_joseph
D:9:      okawaru_arena_lexackson, layout_loops_ring, orc_0_dummy
D:10:     layout_long_grid, basic_altar, hangedman_pestilent_swarm,
          minmay_misc_feat_plants
D:11:     layout_grid_maze, lair_entry_dummy
Temple:   compressed_dpeg_circular_temple

Skill      XL: |  1  2  3  4  5  6  7  8  9 10 11 |
---------------+----------------------------------+-----
Conjurations   | 2 3 4 5 |  5.5
Spellcasting   | 5 6 7 |  7.9
Invocations    | 1 2 3 4 5 6 |  6.6
Fighting       | 1 2 3 4 5 6 |  6.0
Short Blades   | 1 2 3 4 5 6 |  6.0
Long Blades    | 1 2 3 4 5 6 |  6.0
Axes           | 1 2 3 4 5 6 |  6.0
Maces & Flails | 1 2 3 4 5 6 |  6.0
Polearms       | 1 2 3 4 5 6 |  6.0
Staves         | 1 2 3 4 5 6 |  6.0
Slings         | 1 2 3 4 5 6 |  6.0
Bows           | 1 2 3 4 5 6 |  6.0
Crossbows      | 1 2 3 4 5 6 |  6.0
Throwing       | 1 2 3 4 5 6 |  6.0
Armour         | 1 2 3 4 5 6 |  6.0
Shields        | 1 2 3 4 5 6 |  6.0
Unarmed Combat | 1 2 3 4 5 6 |  6.0
Evocations     | 1 2 3 4 5 6 |  6.0
Hexes          | 1 2 3 4 5 |  5.0
Charms         | 1 2 3 4 5 |  5.0
Summonings     | 1 2 3 4 5 |  5.0
Necromancy     | 1 2 3 4 5 |  5.0
Translocations | 1 2 3 4 5 |  5.0
Transmutations | 1 2 3 4 5 |  5.0
Ice Magic      | 1 2 3 4 5 |  5.0
Air Magic      | 1 2 3 4 5 |  5.0
Earth Magic    | 1 2 3 4 5 |  5.0
Poison Magic   | 1 2 3 4 5 |  5.0
Dodging        | 5 6 7 |  7.6
Stealth        | 5 6 7 |  7.4
Fire Magic     | 6 7 |  7.5

Action                   |  1- 3 |  4- 6 |  7- 9 | 10-12 || total
-------------------------+-------+-------+-------+-------++-------
Melee: Unarmed           |     5 |       |       |       ||     5
       Whip              |   103 |   119 |   317 |       ||   539
       Bite              |    11 |    14 |    36 |    43 ||   104
       Dagger            |       |       |    44 |   421 ||   465
 Cast: Flame Tongue      |    28 |    44 |   152 |    19 ||   243
       Throw Flame       |       |    11 |    30 |     1 ||    42
       Shock             |       |       |       |    28 ||    28
  Use: Scroll            |    11 |     6 |     5 |     8 ||    30
       Potion            |     1 |       |       |     9 ||    10
 Stab: Sleeping          |     9 |     4 |     4 |    16 ||    33
       Distracted        |       |       |       |     2 ||     2
  Eat: Chunk             |     5 |     4 |    18 |    21 ||    48
Armor: Robe              |    16 |       |    48 |     8 ||    72
       Leather armour    |     4 |     4 |       |       ||     8
       Ring mail         |       |    28 |     7 |    64 ||    99
Dodge: Dodged            |    85 |    79 |   220 |   202 ||   586
Block: Buckler           |    15 |    27 |    88 |    95 ||   225
